Unix NetHack Version 5.0.0-0 post-release - last build May 31 2026 23:59:36 (970b52f25bf058293b47ddfd14a1e40e571c508c,branch:main).

Game began 2026-06-05 04:19:21, ended 2026-06-05 04:23:37.

Enkindle23, neutral male human Wizard

                      ----
                      |..|
                      |..|
                      |*.--  -----
                      -...---....
         -----   ---   ....|..-.-
        --....|   ..---.........|
       --.....-----............
       |.........| -....G....-
        -........---........-
        |...................|
        -................>..--
          |......G...........|
          |......)...........|
          --<---.@...........|
           --- |-..G.........--
               |..............|
               --..|.-------.--
                ------      --
Enkindle23 the Conjurer   St:10 Dx:12 Co:13 In:18 Wi:11 Ch:11  Neutral
Dlvl:5  $:112 HP:0(27) Pw:7(20) AC:9  Xp:3 T:394  Satiated

Latest messages:
 The gnome shoots 2 crossbow bolts!
 You are hit by the 1st crossbow bolt!
 You are hit by the 2nd crossbow bolt.
 The gnome shoots 2 crossbow bolts!
 You are hit by the 1st crossbow bolt.
 You are hit by the 2nd crossbow bolt.
 In what direction? 2
 The spell hits the gnome lord!
 The gnome lord hits!
 You miss the gnome lord.
 The gnome lord hits!
 The gnome shoots an arrow!
 An arrow misses you.
 Are you sure you want to pray? [yn] (n) y
 You begin praying to Thoth.
 You are surrounded by a shimmering light.
 The gnome lord starts to attack you, but pulls back.
 The gnome lord starts to attack you, but pulls back.
 You finish your prayer.
 You feel that Thoth is pleased.
 You feel much better.
 You miss the gnome lord.
 The gnome falls into a pit!
 The gnome lord hits!
 You miss the gnome lord.
 The gnome lord hits!
 You miss the gnome lord.
 The gnome lord hits!
 You hit the gnome lord.
 The gnome lord hits!
 You hit the gnome lord.
 The gnome lord hits!
 You see here a crossbow bolt.
 The gnome lord picks up a crossbow bolt.
 You descend the stairs.
 You hear crashing rock.
 You hear crashing rock.
 You are hit by an arrow.
 You are hit by an arrow.
 Wizard, your life force is running out.
 You climb up the stairs.
 The gnome lord picks up an arrow.
 The gnome shoots 2 crossbow bolts!
 You are hit by the 1st crossbow bolt.
 You die...
 Do you want your possessions identified? [ynq] (y) y
 Do you want to see your attributes? [ynq] (y) y
 Do you want an account of creatures vanquished? [ynaq] (y) y
 Do you want to see your conduct and achievements? [ynq] (y) y
 Do you want to see the dungeon overview? [ynq] (y) y

Inventory:
 Coins    ('$')
  $ - 112 gold pieces
 Weapons  (')')
  y - a +3 dagger
  x - a +0 dagger (weapon in right hand)
  a - a blessed +1 quarterstaff
 Armor    ('[')
  b - an uncursed +0 cloak of magic resistance (being worn)
  z - a cursed +3 robe
 Comestibles  ('%')
  w - an uncursed food ration
  A - 4 cursed food rations
  s - an uncursed lembas wafer
  o - an uncursed lichen corpse
 Scrolls  ('?')
  j - an uncursed scroll of create monster
  q - a blessed scroll of food detection
  k - an uncursed scroll of identify
  i - an uncursed scroll of stinking cloud
 Spellbooks  ('+')
  l - a blessed spellbook of force bolt
  m - an uncursed spellbook of knock
 Potions  ('!')
  p - a cursed potion of booze
  f - an uncursed potion of healing
  g - 2 uncursed potions of object detection
  h - a blessed potion of see invisible
 Rings    ('=')
  d - an uncursed +1 ring of gain constitution
  e - an uncursed ring of poison resistance
 Wands    ('/')
  c - a wand of cancellation (0:8)
  t - a wand of cancellation (0:6)
 Tools    ('(')
  v - an empty uncursed oilskin sack
  r - an uncursed leash
  n - a magic marker (0:19)
  u - an uncursed tallow candle
 Gems/Stones  ('*')
  B - an uncursed worthless piece of violet glass

Enkindle23 the Wizard's attributes:

Background:
 You were a Conjurer, a level 3 male human Wizard.
 You were neutral, on a mission for Thoth
 who was opposed by Ptah (lawful) and Anhur (chaotic).
 You were right-handed.
 You were in the Gnomish Mines, on level 5.
 You entered the dungeon 394 turns ago.
 It was nighttime.
 You had 56 experience points, 24 more were needed to attain level 4.

Basics:
 You had 0 out of 27 hit points.
 You had 7 out of 20 energy points (spell power).
 Your armor class was 9.
 Your wallet contained 112 zorkmids.
 Autopickup was off.

Final Characteristics:
 Your strength was 10 (limit:18/100).
 Your dexterity was 12 (limit:18).
 Your constitution was 13 (limit:18).
 Your intelligence was 18 (limit:18).
 Your wisdom was 11 (limit:18).
 Your charisma was 11 (limit:18).

Final Status:
 You were satiated.
 You were unencumbered.
 You were wielding a dagger.
 You were unskilled in dagger.

Final Attributes:
 You were fervently aligned.
 You were magic-protected.
 You were warded.
 You are dead.

Miscellaneous:
 You encountered 1 bones level.
 Total elapsed playing time was 4 minutes and 14 seconds.

Major events:
 Turn
    1: Enkindle23 the neutral male human Wizard entered the dungeon
  249: entered the Gnomish Mines
  329: attained the rank of Conjurer (level 3)
  394: killed by a crossbow bolt

Spells:
 Name                 Level Category     Fail Retention
 force bolt             1   attack         0%  91%-100%
 knock                  1   matter         0%  76%-100%

Skills:
 Fighting Skills
   bare handed combat [Unskilled]
   riding             [Unskilled]
 Weapon Skills
   dagger             [Unskilled]
   knife              [Unskilled]
   axe                [Unskilled]
   short sword        [Unskilled]
   club               [Unskilled]
   mace               [Unskilled]
   quarterstaff       [Basic]
   polearms           [Unskilled]
   spear              [Unskilled]
   trident            [Unskilled]
   sling              [Unskilled]
   dart               [Unskilled]
   shuriken           [Unskilled]
 Spellcasting Skills
   attack spells      [Basic]
   healing spells     [Unskilled]
   divination spells  [Unskilled]
   enchantment spells [Basic]
   clerical spells    [Unskilled]
   escape spells      [Unskilled]
   matter spells      [Unskilled]

Voluntary challenges:
 Character rerolling was not enabled.
 You were illiterate.
 You never genocided any monsters.
 You never polymorphed an object.
 You never changed form.
 You used no wishes.
Achievements:
 You entered the Gnomish Mines.
 You attained the rank of Conjurer.

 The Dungeons of Doom: levels 1 to 4
    Level 1:
    Level 2:
       A sink.
    Level 3:
    Level 4:
       Stairs down to The Gnomish Mines.
 The Gnomish Mines: levels 5 to 6
    Level 5: <- You were here.
       Final resting place for
          you, killed by a crossbow bolt.
    Level 6:
       Final resting place for
          ubiquity-Pri-Elf-Mal-Cha, killed by a dwarf.


Vanquished creatures:
  a gnome leader
  2 dwarves
  3 gnomes
  a gecko
  a jackal
  a lichen
9 creatures vanquished.

No species were genocided or became extinct.

Game over:
                       ----------
                      /          \
                     /    REST    \
                    /      IN      \
                   /     PEACE      \
                  /                  \
                  |    Enkindle23    |
                  |      112 Au      |
                  |   killed by a    |
                  |  crossbow bolt   |
                  |                  |
                  |                  |
                  |       2026       |
                 *|     *  *  *      | *
        _________)/\\_//(\/(/\)/\//\/|_)_______

Goodbye Enkindle23 the Wizard...

You died in The Gnomish Mines on dungeon level 5 with 575 points,
and 112 pieces of gold, after 394 moves.
You were level 3 with a maximum of 27 hit points when you died.

